Map: Cerulean Fall LE

Players

Bunny

  • Race: Terran Terran
  • League: Diamond
  • Spawn Location: 1:00

HellraiseR - Winner!

  • Race: Protoss Protoss
  • League: Master
  • Spawn Location: 7:00

Event: HomeStory Cup XVIII

VOD

Have the link to the VOD?

Description

Time

  • Played on: Nov. 23, 2018, 6:47 a.m.
  • Length: 12:25

All games in this series

Show
View Real Time Build Order
Export as new Build Order

Bunny Terran 

Build Orders: Reaper Expand 

Get SALT Encoding   

  12  0:00  SCV  
  13  0:13  SCV  
  14  0:17  Supply Depot  
  14  0:25  SCV  
  15  0:39  Barracks, SCV  
  16  0:43  Refinery  
  16  0:51  SCV  
  17  1:03  SCV  
  18  1:15  SCV  
  19  1:27  Reaper, Orbital Command  
  20  1:43  Command Center  
  20  1:54  SCV  
  21  1:58  Marine  
  22  2:04  Supply Depot  
  22  2:06  SCV  
  23  2:10  Factory  
  23  2:22  Barracks Reactor  
  23  2:25  SCV  
  23  2:28  Refinery  
  24  2:31  Barracks  
  24  2:38  SCV  
  25  2:50  SCV  
  26  2:54  Factory Tech Lab  
  26  2:57  Orbital Command  
  26  2:59  Marine x2  
  26  3:02  SCV  
  29  3:13  Cyclone  
  29  3:17  Marine x2, SCV  
  29  3:19  Barracks Tech Lab  
  35  3:23  SCV  
  35  3:30  SCV  
  35  3:32  Supply Depot  
  36  3:35  Marine x2, SCV  
  36  3:38  Stimpack, Marine  
  40  3:42  SCV  
  40  3:45  Widow Mine  
  40  3:47  SCV  
  44  3:52  Engineering Bay  
  44  3:54  SCV  
  45  3:56  Marine  
  45  3:57  Marine  
  45  3:59  Marine  
  45  4:00  SCV  
  49  4:07  Bunker  
  49  4:08  SCV  
  50  4:11  Supply Depot  
  50  4:12  SCV  
  51  4:19  Terran Infantry Weapons Level 1  
  51  4:20  Barracks  
  51  4:23  SCV  
  51  4:24  Marine, SCV  
  52  4:25  Marine  
  52  4:28  Factory Tech Lab  
  54  4:32  Marine  
  54  4:34  Supply Depot  
  55  4:41  Starport  
  55  4:42  Supply Depot  
  55  4:47  Siege Tank  
  55  4:49  SCV  
  55  4:50  SCV  
  56  4:56  Marine x2, Marauder  
  45  5:07  Marine  
  45  5:14  Marine x2  
  38  5:15  SCV x2  
  33  5:27  Medivac, SCV x2  
  33  5:31  Marine  
  33  5:32  Marine x3  
  37  5:39  SCV x2  
  39  5:44  Factory Reactor  
  39  5:49  Marine x2  
  40  5:51  SCV x2  
  40  5:55  Marine x2  
  45  5:58  Combat Shield  
  45  6:03  SCV  
  45  6:04  SCV  
  47  6:09  Refinery  
  47  6:12  Marine x2  
  47  6:13  Marine x2  
  47  6:15  SCV  
  47  6:16  SCV  
  53  6:22  Supply Depot  
  53  6:28  Medivac, SCV x2  
  57  6:34  Supply Depot  
  57  6:35  Marine x4  
  57  6:37  Terran Infantry Armor Level 1  
  61  6:40  SCV  
  61  6:41  SCV  
  63  6:49  Supply Depot  
  63  6:53  Marauder  
  65  6:57  Marauder  
  67  7:04  SCV x2  
  67  7:08  Supply Depot, Medivac  
  70  7:09  Medivac  
  72  7:20  SCV x2  
  72  7:33  SCV x2  
  74  7:41  Command Center  
  74  7:46  SCV x2  
  74  7:49  Marauder  
  80  7:51  Marauder  
  80  7:53  Concussive Shells  
  80  7:54  Marine  
  80  7:55  Marine  
  82  8:01  Refinery, SCV  
  82  8:02  SCV  
  84  8:11  Widow Mine  
  86  8:13  SCV  
  86  8:14  Supply Depot, Marine x2, SCV  
  86  8:16  Marauder  
  94  8:20  Marauder  
  93  8:32  SCV  
  93  8:33  SCV  
  81  8:41  Marauder  
  81  8:42  Marauder  
  81  8:43  Marine x2  
  81  8:45  Widow Mine  
  81  8:46  Medivac x2  
  90  8:52  SCV x2  
  86  9:02  Marine  
  86  9:03  Marauder  
  86  9:06  Widow Mine  
  86  9:08  SCV x2  
  93  9:17  Barracks  
  93  9:19  Orbital Command  
  93  9:20  Barracks  
  93  9:22  SCV  
  93  9:24  SCV  
  95  9:34  SCV  
  95  9:36  SCV  
  95  9:37  Marauder  
  95  9:38  Marauder, Marine x2  
  101  9:45  SCV  
  101  9:46  SCV  
  101  9:47  Medivac  
  101  9:48  Medivac, SCV  
  108  9:54  Widow Mine  
  110  10:06  Marauder x2, Barracks Reactor  
  111  10:07  Barracks Tech Lab  
  100  10:15  Marine x2  
  100  10:17  Widow Mine, Viking, SCV x3  
  109  10:27  Marauder x3  
  115  10:32  Marine  
  115  10:33  Marine  
  117  10:36  Supply Depot  
  117  10:37  Supply Depot  
  117  10:38  Widow Mine  
  120  10:42  SCV  
  120  10:43  SCV x2  
  120  10:49  Supply Depot  
  122  10:50  Supply Depot, Viking  
  124  10:57  Viking  
  124  11:00  Marauder  
  124  11:04  Marauder  
  130  11:10  Starport  
  130  11:11  Factory Reactor  
  130  11:16  Marine x2  
  130  11:17  Marine  
  130  11:18  Marine  
  130  11:22  Viking  
  132  11:27  Viking  
  132  11:32  Supply Depot  
  134  11:33  Marauder x3  
  134  11:37  Marine x3  
  143  11:41  Marine  
  141  11:47  Viking  
  141  11:51  Viking  
  145  12:04  Marauder x2  
  145  12:05  Marine x2  
Show
View Real Time Build Order
Export as new Build Order

HellraiseR Protoss - Winner!

Build Orders: 1 Gate Expand, Colossus Rush 

Get SALT Encoding   

  12  0:00  Probe  
  13  0:11  Probe  
  14  0:17  Pylon  
  14  0:19  Probe  
  15  0:33  Probe  
  16  0:40  Gateway  
  16  0:45  Probe  
  16  0:47  Assimilator  
  17  0:55  Probe  
  17  1:03  Probe  
  19  1:12  Probe  
  20  1:24  Nexus  
  20  1:27  Probe  
  21  1:37  Cybernetics Core  
  21  1:40  Probe  
  21  1:47  Assimilator  
  22  1:52  Probe  
  23  1:57  Pylon  
  23  2:06  Adept  
  26  2:15  Probe  
  26  2:18  Warp Gate  
  26  2:27  Probe  
  26  2:29  Robotics Facility  
  27  2:35  Probe  
  27  2:36  Stalker  
  28  2:39  Probe  
  28  2:44  Probe  
  31  2:52  Probe  
  31  2:53  Probe  
  33  3:04  Probe  
  35  3:05  Probe  
  35  3:06  Immortal  
  35  3:09  Stalker  
  36  3:16  Probe  
  36  3:19  Probe  
  42  3:28  Probe  
  42  3:31  Gateway  
  43  3:35  Gateway  
  43  3:40  Probe  
  43  3:41  Warp Prism  
  45  3:43  Pylon  
  46  3:57  Pylon  
  46  4:02  Probe x2  
  48  4:10  Probe  
  48  4:12  Robotics Bay  
  48  4:14  Assimilator, Probe  
  50  4:17  Observer  
  50  4:18  Probe  
  52  4:26  Pylon, Probe  
  52  4:28  Probe  
  54  4:35  Assimilator, Stalker x2  
  54  4:38  Probe  
  59  4:39  Pylon, Observer  
  59  4:40  Probe  
  61  4:50  Probe  
  61  4:52  Probe  
  63  4:57  Zealot x2  
  63  4:58  Colossus  
  63  4:59  Zealot  
  69  5:02  Probe  
  69  5:04  Probe  
  73  5:14  Probe  
  73  5:16  Probe  
  71  5:28  Stalker x3  
  70  5:32  Forge  
  70  5:33  Forge  
  69  5:44  Warp Prism  
  69  5:47  Twilight Council  
  69  5:49  Pylon  
  69  5:56  Protoss Ground Weapons Level 1  
  69  5:57  Extended Thermal Lance  
  71  5:58  Zealot, Sentry  
  71  6:03  Probe  
  76  6:04  Protoss Ground Armor Level 1  
  76  6:05  Pylon  
  76  6:07  Colossus  
  76  6:18  Gateway x2  
  82  6:29  Charge  
  82  6:31  Gateway  
  82  6:43  Adept x3  
  82  6:45  Pylon  
  87  6:59  Observer  
  87  7:03  Probe  
  87  7:06  Pylon  
  89  7:12  Pylon, Zealot x2  
  93  7:26  Zealot  
  93  7:27  Colossus  
  93  7:29  Probe  
  102  7:34  Nexus  
  102  7:35  Zealot, Sentry  
  102  7:36  Zealot, Protoss Ground Weapons Level 2  
  108  7:41  Protoss Ground Armor Level 2  
  108  7:44  Zealot  
  108  7:49  Pylon  
  108  7:51  Pylon  
  110  8:07  Pylon, Zealot x3  
  110  8:11  Stalker  
  118  8:23  Pylon  
  118  8:24  Zealot x2  
  122  8:29  Zealot x2  
  122  8:31  Probe  
  113  8:35  Zealot  
  113  8:38  Probe  
  113  8:39  Zealot  
  111  8:43  Probe  
  111  8:45  Observer  
  111  8:48  Probe  
  108  8:50  Probe  
  108  8:55  Probe  
  110  9:00  Probe  
  110  9:02  Blink  
  106  9:03  Probe  
  106  9:07  Probe  
  106  9:09  Observer  
  106  9:11  Zealot x2  
  106  9:12  Probe  
  106  9:17  Stalker  
  112  9:25  Protoss Ground Weapons Level 3  
  112  9:26  Colossus  
  112  9:28  Zealot x3  
  122  9:43  Probe x2  
  122  9:44  Photon Cannon  
  124  9:50  Stalker x2  
  128  9:56  Pylon  
  128  9:57  Zealot  
  129  10:02  Pylon  
  121  10:08  Zealot x3  
  127  10:24  Warp Prism  
  127  10:27  Nexus  
  129  10:42  Stalker x3  
  131  10:44  Sentry  
  131  10:48  Stalker  
  139  10:58  Stalker  
  141  11:06  Stalker x3  
  143  11:21  Pylon  
  143  11:23  Pylon  
  143  11:25  Pylon  
  143  11:34  Templar Archives  
  143  11:41  Zealot x6  
  147  12:07  Stalker x6  
Tags
 
Add a new tag
Caveats
  • Supply blocks, unpowered buildings, or Contaminate may cause inaccurate times.
  • Supply counts are checked every 10 seconds.